 Dungeon Crawl Stone Soup version 0.18-a0-1577-gf591c28 (webtiles) character file.

346 mrath the Basher (level 6, 0/51 HPs)
             Began as a Minotaur Fighter on Mar 22, 2016.
             Slain by a jackal (2 damage)
             ... on level 7 of the Dungeon.
             The game lasted 00:13:57 (2726 turns).

mrath the Basher (Minotaur Fighter)                 Turns: 2726, Time: 00:13:57

Health: 0/51       AC:  5    Str: 22    XL:     6   Next: 32%
Magic:  5/5        EV:  5    Int:  5    God:
Gold:   163        SH:  9    Dex: 10    Spells: 0 memorised, 5 levels left

rFire  . . .     SeeInvis .     a - +0 flail
rCold  . . .     Gourm    .     v - +0 chain mail
rNeg   . . .     Faith    .     c - +0 shield
rPois  .         Spirit   .     (helmet restricted)
rElec  .         Dismiss  .     (no cloak)
rCorr  .         Reflect  .     (no gloves)
SustAt .         Harm     .     (no boots)
MR     .....                    (no amulet)
Stlth  ..........               (no ring)
                                (no ring)

@: corroded equipment, not resistant to hostile enchantments, extremely
unstealthy
A: retaliatory headbutt, horns 2
a: no special abilities


You were on level 7 of the Dungeon.
You were not hungry.

You visited 1 branch of the dungeon, and saw 5 of its levels.

You collected 163 gold pieces.

Inventory:

Hand Weapons
 a - a +0 flail (weapon)
 g - a cursed -2 hunting sling
Missiles
 e - 103 stones (quivered)
 p - 3 sling bullets of flame
Armour
 c - a +0 shield (worn)
 v - a +0 chain mail (worn)
Scrolls
 i - 2 scrolls of identify {unknown}
 j - a scroll of teleportation {unknown}
 l - a scroll of immolation {unknown}
 m - a scroll of amnesia {unknown}
 n - 4 scrolls of remove curse
 o - a scroll of fog {unknown}
 r - a scroll of noise {unknown}
 u - a scroll of blinking {unknown}
Potions
 d - a potion of might
 h - 2 potions of flight {unknown}
 q - 2 potions of cure mutation {unknown}
 s - a potion of ambrosia {unknown}
 t - 2 potions of haste {unknown}
 z - a potion of mutation {unknown}
Comestibles
 b - 6 chunks of flesh
 f - 4 bread rations
 k - 2 meat rations


   Skills:
 - Level 3.6 Fighting
 + Level 8.2 Maces & Flails
 - Level 3.6 Armour
 - Level 3.6 Shields


You had 5 spell levels left.
You didn't know any spells.

Dungeon Overview and Level Annotations

Branches:
Dungeon (4/15)
 Temple: D:4-7

Altars:
Vehumet


Innate Abilities, Weirdness & Mutations

You reflexively headbutt those who attack you in melee.
You have a pair of horns on your head.


Message History

You headbutt the jelly!
The jelly is almost dead.
The jelly hits you but does no damage.
You barely miss the jelly.
The jelly is almost dead.
The jelly barely misses you.
You hit the jelly but do no damage. The acid corrodes you!
Your hands burn!
* * * LOW HITPOINT WARNING * * *
The jelly is almost dead.
The jelly hits you but does no damage.
You hit the jelly but do no damage. The acid corrodes you!
Your hands burn!
* * * LOW HITPOINT WARNING * * *
You headbutt the jelly.
You kill the jelly!
You block the jackal's attack.
You closely miss the jackal.
The jackal bites you but does no damage.
You hit the jackal but do no damage. Your headbutt misses the jackal.
The jackal bites you.
You die...

...............
............... #
## .............%.
..#. ..............
#.... #.$..........
...####............
...##...........#
#h##............
#@h.......).....
####...........#
#............
#........>###.
##...##.### ..###
.# ..## .# ... ..


You could see 2 jackals.

Vanquished Creatures
  An ice beast (D:7)
  An orc priest (D:3)
  A hound (D:7)
  A jelly (D:7)
  Ijyb (D:2)
  6 adders
  An ooze (D:2)
  An adder skeleton (D:4)
  2 worms (D:3)
  5 giant geckos
  7 orcs
  5 bats
  3 giant cockroaches (D:1)
  13 goblins
  4 hobgoblins
  6 jackals
  5 kobolds
  A giant newt (D:1)
  A rat (D:1)
65 creatures vanquished.

Vanquished Creatures (others)
  A bat (D:2)
1 creature vanquished.

Grand Total: 66 creatures vanquished

Notes
Turn   | Place    | Note
--------------------------------------------------------------
     0 | D:1      | mrath the Minotaur Fighter began the quest for the Orb.
     0 | D:1      | Reached XP level 1. HP: 19/19 MP: 0/0
    64 | D:1      | Reached skill level 3 in Maces & Flails
   137 | D:1      | Reached XP level 2. HP: 26/26 MP: 1/1
   690 | D:2      | Reached skill level 4 in Maces & Flails
   813 | D:2      | Found a radiant altar of Vehumet.
   878 | D:2      | Reached XP level 3. HP: 28/31 MP: 2/2
  1459 | D:2      | Noticed Ijyb
  1472 | D:2      | Reached skill level 5 in Maces & Flails
  1488 | D:2      | Killed Ijyb
  1488 | D:2      | Reached XP level 4. HP: 32/39 MP: 3/3
  1786 | D:3      | Reached skill level 6 in Maces & Flails
  1791 | D:3      | Reached XP level 5. HP: 19/45 MP: 4/4
  2697 | D:4      | You fall through a shaft for 3 floors!
  2697 | D:7      | Noticed an ice beast
  2707 | D:7      | Reached skill level 7 in Maces & Flails
  2716 | D:7      | Killed an ice beast
  2716 | D:7      | Reached skill level 8 in Maces & Flails
  2716 | D:7      | Reached XP level 6. HP: 18/51 MP: 5/5
  2724 | D:7      | HP: 2/51 [acid (3)]
  2726 | D:7      | Slain by a jackal

Vault maps used:
D:1:      tarquinn_simple_flora_water_f
D:2:      kennysheep_the_goblin_king, fiery_altar_vehumet, first_bread,
          minmay_misc_feat_iff
D:3:      uniq_iyjb
D:4:      serial_shops, shop
D:7:      minitemple

Skill      XL: |  1  2  3  4  5 |
---------------+----------------+-----
Maces & Flails | 3 4 5 6 8 |  8.2
Fighting       | |  3.6
Armour         | |  3.6
Shields        | |  3.6

Action                   |  1- 3 |  4- 6 || total
-------------------------+-------+-------++-------
Melee: Flail             |   102 |   108 ||   210
Throw: Stone             |     3 |       ||     3
  Use: Scroll            |       |     1 ||     1
  Eat: Chunk             |     2 |     4 ||     6
